 Dungeon Crawl Stone Soup version 0.29-a0-317-gd16b76e6b1 (webtiles) character file.

Game seed: 3844111927772811160

6608 Bnni the Spear-Bearer (level 10, -3/75 (85) HPs)
             Began as a Demonspawn Fighter on Mar 31, 2022.
             Was a Follower of Yredelemnul.
             Slain by a spectral orc warlord
             ... wielding a +0 battleaxe
             ... summoned by Nergalle
              (21 damage)
             ... on level 10 of the Dungeon.
             The game lasted 00:24:37 (12447 turns).

Bnni the Spear-Bearer (Demonspawn Fighter)         Turns: 12447, Time: 00:24:39

HP:   -3/75 (85)    AC: 24    Str: 21    XL:     10   Next: 71%
MP:   11/11         EV:  4    Int: 15    God:    Yredelemnul [*.....]
Gold: 679           SH: 10    Dex: 13    Spells: 9/9 levels left

rFire   + . .      SeeInvis .   n - +0 trident (vamp)
rCold   . . .      Faith    .   B - +2 kite shield
rNeg    . . .      Spirit   .   z - +3 plate armour
rPois   .          Reflect  .   (helmet restricted)
rElec   .          Harm     .   (no cloak)
rCorr   .          Rampage  .   v - +0 pair of gloves
Will    .....                   (no boots)
Stlth   ..........              (no amulet)
HPRegen 0.22/turn               u - +6 ring of intelligence
MPRegen 0.24/turn               E - ring of protection from fire

@: mighty, lethally poisoned (-3 -> -17), about to teleport, sanguine armoured,
heavily drained
A: horns 1, powered by death 1, magic regeneration, sanguine armour 2
a: Renounce Religion, Recall Undead Harvest


You were on level 10 of the Dungeon.
You worshipped Yredelemnul.
Yredelemnul was noncommittal.
You visited 1 branch of the dungeon, and saw 11 of its levels.

You collected 679 gold pieces.

Inventory:

Hand Weapons
 a - a +0 hand crossbow
 n - a +0 vampiric trident (weapon)
 p - a +2 short sword of venom
Missiles
 x - 8 poisoned darts (quivered)
Armour
 v - a +0 pair of gloves (worn)
 z - a +3 plate armour (worn)
 B - a +2 kite shield (worn)
Jewellery
 u - a +6 ring of intelligence (left hand)
 E - a ring of protection from fire (right hand)
Wands
 j - a wand of charming (9)
 o - a wand of paralysis (4)
 q - a wand of mindburst (5)
 t - a wand of acid (19)
 A - a wand of iceblast (7)
Scrolls
 c - a scroll of identify
 f - 5 scrolls of enchant armour
 g - a scroll of fear {unknown}
 y - 2 scrolls of fog
 D - a scroll of summoning {unknown}
Potions
 b - 2 potions of berserk rage
 d - a potion of might
 e - 9 potions of magic
 h - 2 potions of brilliance
 k - 2 potions of curing
 l - 7 potions of haste
 m - 2 potions of cancellation
 r - 2 potions of flight
 s - 2 potions of mutation
 w - 2 potions of heal wounds
 C - 2 potions of resistance


   Skills:
 + Level 10.0 Fighting
 - Level 3.5 Long Blades
 * Level 11.7 Polearms
 - Level 2.6 Armour
 - Level 2.6 Shields
 + Level 1.9 Invocations


You had 9 spell levels left.
You didn't know any spells.
Your spell library contained the following spells:

 Spells                   Type           Power      Damage    Failure   Level
 Freeze                   Ice            0%         1d3       100%        1
 Slow                     Hex            0%         N/A       100%        1
 Call Canine Familiar     Summ           0%         N/A       100%        3
 Confusing Touch          Hex            0%         N/A       100%        3
 Frozen Ramparts          Ice            0%         1d2       100%        3
 Portal Projectile        Hex/Tloc       0%         N/A       100%        3
 Vampiric Draining        Necr           0%         2d6       100%        3
 Hailstorm                Conj/Ice       0%         3d3       100%        4
 Leda's Liquefaction      Hex/Erth       0%         N/A       100%        4
 Summon Lightning Spire   Summ/Air       0%         N/A       100%        4
 Storm Form               Tmut/Air       0%         N/A       100%        7
 Maxwell's Capacitive Co  Air            0%         ∞         100%        8


Dungeon Overview and Level Annotations

Branches:
Dungeon (11/15)            Temple (0/1) D:7            Lair (0/6) D:10
    Orc (0/2) D:9

Altars:
Ashenzari
Cheibriados
Dithmenos
Hepliaklqana
Makhleb
Nemelex Xobeh
Okawaru
Ru
Sif Muna
Uskayaw
Wu Jian
Xom
Yredelemnul
Zin

Annotations:
D:10 Nergalle


Innate Abilities, Weirdness & Mutations

You have a pair of small horns on your head.
You regenerate a little health from kills.
You regenerate magic rapidly.
When seriously injured, your blood forms thick armour. (AC +9)


Message History

The spectral orc warlord closely misses your kobold brigand zombie.
You block the spectral orc warrior's attack.
The spectral orc hits your acid dragon zombie with a +0 whip.
Your kobold brigand zombie hits the spectral orc warrior but does no damage.
Nergalle gestures at you while chanting.
The bolt of negative energy hits you!!
You feel drained.
Your blood congeals into armour.
You closely miss Nergalle.
You headbutt Nergalle, but do no damage.
Nergalle is moderately wounded.
You feel sick.
Nergalle looks more healthy.
The spectral orc warlord hits you but does no damage.
The spectral orc warlord hits your kobold brigand zombie with a +0 battleaxe!
The spectral orc hits your acid dragon zombie with a +0 whip.
You block the spectral orc warrior's attack.
Your acid dragon zombie bites the spectral orc.
The spectral orc is destroyed!
The spectral orc disappears in a puff of smoke!
Your kobold brigand zombie hits the spectral orc warlord but does no damage.
You closely miss Nergalle. Your headbutt misses Nergalle.
Nergalle is moderately wounded.
You feel sick.
Nergalle hits you with a +2 dagger of venom.
* * * LOW HITPOINT WARNING * * *
You are more poisoned.
You block the spectral orc warrior's attack.
The spectral orc warlord hits you but does no damage.
The spectral orc warlord barely misses your kobold brigand zombie.
Your acid dragon zombie closely misses Nergalle.
Your acid dragon zombie claws Nergalle but does no damage.
Your kobold brigand zombie hits the spectral orc warlord but does no damage.
As you read the scroll of teleportation, it crumbles to dust.
You feel strangely unstable.
You feel very sick. Nergalle hits you but does no damage.
You are more poisoned.
The spectral orc warrior hits you but does no damage.
The spectral orc warlord hits you with a +0 battleaxe!!
You die...
Your body rises from the dead as a mindless zombie.

#.≈≈≈≈≈≈≈≈≈≈≈≈)..... ..
#.≈≈≈≈≈≈≈≈≈≈≈≈≈.##.. ...
.≈≈≈≈≈≈≈≈≈≈≈≈≈....# ....
.≈≈≈≈≈≈≈≈≈≈≈≈≈..#.#
....####..........)..#.#
................<.......
..(.....Z....####....#.#
.(....ZZZ.....# #Z...#.#
......o@......# #.......
..............# #.......
..............# #....###
..............# #...#...
.............## #.....#.
#.....#.....## #....##.
############# #..#...P
#..#≈..P #..#..P.


You could see Nergalle (empowered, ally target), a spectral orc warrior
(summoned), a spectral orc warlord (summoned, ally target), a friendly acid
dragon zombie and a friendly kobold brigand zombie.

Vanquished Creatures
  Joseph (D:10)
  2 hornets
  2 wyverns
  Grum (D:8)
  A vampire mosquito (D:10)
  An acid dragon (D:10)
  A water moccasin (D:7)
  4 ice beasts (D:7)
  6 orc warriors
  2 wolves
  3 ogres
  8 centaurs
  2 phantoms
  A kobold brigand (D:10)
  Blork the orc (D:4)
  2 scorpions (D:6)
  A bullfrog (D:9)
  5 wights (D:8)
  5 killer bees
  A howler monkey (D:7)
  A crimson imp (D:5)
  3 hounds
  A jelly (D:6)
  7 orc priests
  Terence (D:3)
  2 iguanas
  11 orc wizards
  12 adders
  5 white imps
  An ufetubus (D:4)
  A worm (D:5)
  A dart slug (D:1)
  39 orcs
  9 ball pythons
  7 endoplasms
  5 goblins
  4 hobgoblins
  2 jackals (D:3)
  8 kobolds
  4 quokkas
  2 bats (D:3)
  4 frilled lizards
  A kobold zombie (D:4)
  An orc zombie (D:4)
  4 rats
186 creatures vanquished.

Vanquished Creatures (collateral kills)
  A wyvern (D:10)
  A steam dragon (D:9)
  2 vampire mosquitoes (D:10)
  Edmund (D:6)
  A sky beast (D:6)
  A phantom (D:7)
  3 wights (D:8)
  4 killer bees (D:9)
  2 orc wizards (D:8)
  A mummy (D:4)
  An adder (D:5)
  A dart slug (D:5)
  8 orcs
  2 goblins (D:8)
  A quokka (D:3)
  A hobgoblin zombie (D:4)
  2 kobolds (D:10)
  A kobold zombie (D:4)
34 creatures vanquished.

Vanquished Creatures (others)
  A hornet zombie (D:9)
  2 vampire mosquito zombies (D:10)
  A wyvern zombie (D:8)
  3 centaur zombies
  A scorpion zombie (D:6)
  4 killer bee zombies
  An ogre zombie (D:5)
  A hound zombie (D:4)
  A steam dragon zombie (D:9)
  3 adder zombies
  3 spectral white imps
  2 goblin zombies (D:8)
  A jackal zombie (D:3)
  3 kobold zombies (D:10)
  26 orc zombies
  2 demonic plants (D:2)
  25 plants
80 creatures vanquished.

Grand Total: 300 creatures vanquished

Notes
Turn   | Place    | Note
-------+----------+-------------------------------------------
     0 | D:1      | Bnni the Demonspawn Fighter began the quest for the Orb.
     0 | D:1      | Reached XP level 1. HP: 18/18 MP: 1/1
   605 | D:1      | Gained mutation: You regenerate a little health from kills.
                  | [demonic ancestry]
   605 | D:1      | Reached XP level 2. HP: 24/24 MP: 2/2
  1122 | D:2      | Gained mutation: You regenerate magic rapidly. [demonic
                  | ancestry]
  1122 | D:2      | Reached XP level 3. HP: 23/29 MP: 3/3
  1706 | D:2      | Found a faded altar of an unknown god.
  1706 | D:2      | Noticed a reaper
  1714 | D:2      | Prayed at the altar of an unknown god.
  1714 | D:2      | Became a worshipper of Yredelemnul the Dark
  1714 | D:2      | Reached * piety under Yredelemnul
  1854 | D:2      | Gained mutation: When seriously injured, your blood forms
                  | armour. (AC +9) [demonic ancestry]
  1854 | D:2      | Reached XP level 4. HP: 37/37 MP: 4/4
  2079 | D:3      | Noticed Terence
  2085 | D:3      | Killed Terence
  2086 | D:3      | Reached skill level 1 in Polearms
  2185 | D:3      | Found an iron altar of Okawaru.
  2259 | D:3      | Found a sacrificial altar of Ru.
  2466 | D:3      | Reached ** piety under Yredelemnul
  2613 | D:3      | Gained mutation: You have a pair of small horns on your
                  | head. [demonic ancestry]
  2613 | D:3      | Reached XP level 5. HP: 41/42 MP: 5/5
  2887 | D:4      | Noticed Blork the orc
  2898 | D:4      | Killed Blork the orc
  2899 | D:4      | Reached skill level 2 in Polearms
  3522 | D:4      | Reached skill level 3 in Polearms
  3522 | D:4      | Reached XP level 6. HP: 41/49 MP: 6/6
  3773 | D:4      | Found a burning altar of Makhleb.
  3773 | D:4      | Noticed a balrug
  4020 | D:4      | Found an ornate altar of the Wu Jian Council.
  4384 | D:5      | Entered Level 5 of the Dungeon
  4388 | D:5      | Found a hide-covered altar of Uskayaw.
  4697 | D:5      | Reached skill level 5 in Fighting
  4775 | D:5      | Reached skill level 4 in Polearms
  4779 | D:5      | Found a sparkling altar of Nemelex Xobeh.
  5037 | D:5      | Found a shimmering blue altar of Sif Muna.
  5045 | D:5      | Reached XP level 7. HP: 56/56 MP: 7/7
  5661 | D:6      | Found a shadowy altar of Dithmenos.
  5716 | D:5      | Reached skill level 5 in Polearms
  5995 | D:6      | Reached skill level 6 in Polearms
  5995 | D:6      | Reached XP level 8. HP: 64/64 MP: 8/8
  6081 | D:6      | Found a faded altar of an unknown god.
  6081 | D:6      | Noticed Edmund
  6082 | D:6      | Found a hazy altar of Hepliaklqana.
  6098 | D:6      | Killed Edmund
  6480 | D:7      | Found a staircase to the Ecumenical Temple.
  6500 | D:7      | Found a shimmering altar of Xom.
  6501 | D:7      | Noticed an angel
  6536 | D:7      | Reached skill level 7 in Polearms
  6857 | D:7      | Noticed a hornet
  6870 | D:7      | Paralysed by a hornet for 2 turns
  7405 | D:7      | Reached skill level 8 in Polearms
  7441 | D:7      | Paralysed by a hornet for 1 turns
  7454 | D:7      | Killed a hornet
  7455 | D:7      | Reached XP level 9. HP: 20/72 MP: 9/9
  7868 | D:8      | Found a snail-covered altar of Cheibriados.
  7868 | D:8      | Found a flagged portal.
  7868 | D:8      | You fall into a shaft and drop 3 floors!
  7873 | D:11     | Noticed a purple ugly thing
  7958 | D:10     | Entered Level 10 of the Dungeon
  8491 | D:10     | Reached skill level 9 in Polearms
  8878 | D:8      | Reached *** piety under Yredelemnul
  9255 | D:8      | Reached skill level 10 in Polearms
  9274 | D:8      | Noticed Grum
  9635 | D:8      | Killed Grum
  9690 | D:8      | Found a broken altar of Ashenzari.
  9904 | D:8      | Gained mutation: When seriously injured, your blood forms
                  | thick armour. (AC +9) [demonic ancestry]
  9904 | D:8      | Reached XP level 10. HP: 80/82 MP: 10/10
 10263 | D:9      | Reached skill level 1 in Invocations
 10675 | D:9      | Paralysed by a hornet for 1 turns
 10989 | D:9      | Found a staircase to the Orcish Mines.
 11319 | D:9      | Reached skill level 11 in Polearms
 12049 | D:10     | Noticed Joseph
 12075 | D:10     | Killed Joseph
 12252 | D:10     | Found a staircase to the Lair.
 12392 | D:10     | Reached skill level 10 in Fighting
 12435 | D:10     | Noticed Nergalle
 12439 | D:10     | Noticed a spectral orc warlord
 12447 | D:10     | Slain by a spectral orc warlord

Illustrated notes

Levels and vault maps discovered:
D:1:      erik_arrival_triangle_large, layout_loops_cross, st_stairs_10,
          minmay_pentomino_w2
D:2:      layout_loops_ring, dreamdust_ecumenical_altar_sealed_demon,
          kennysheep_boxes
D:3:      layout_loops_ring, nicolae_overflow_crystal_walls,
          nicolae_ru_awakened_eye, serial_park_tiny_1, guppyfry_early_lair_pool,
          uniq_terence
D:4:      layout_loops_corners, kennysheep_little_box,
          makhleb_altar_promises_db, minmay_mini_ossuary, uniq_blork_the_orc
D:5:      layout_basic, mainiacjoe_overflow_chevrons,
          nicolae_sif_muna_condensation, nemelex_dance_club_becter,
          minmay_fire_ice_demons
D:6:      layout_basic, beargit_hepliaklqana_dungeon_heroes,
          grunt_dithmenos_smoke
D:7:      layout_basic, grunt_temple_overflow_order_and_chaos_1,
          minmay_temple_entry_sparse_star
D:8:      layout_cave_pools, mainiacjoe_overflow_tiny_flanked,
          mainiacjoe_overflow_small_starburst, enter_bailey_5, uniq_grum
D:9:      layout_grid_maze, david_orc_4
D:10:     nicolae_whirlpool, layout_rooms, dpeg_oklobed_lair, uniq_nergalle,
          uniq_joseph
D:11:     layout_stronghold, moated_statue, minmay_three_doors

Skill      XL: |  1  2  3  4  5  6  7  8  9 10 |
---------------+-------------------------------+-----
Long Blades    | 2 3 |  3.5
Polearms       | 1 3 4 6 8 10 11 | 11.7
Fighting       | 4 5 6 7 8 10 | 10.0
Invocations    | 1 |  1.9
Armour         | |  2.6
Shields        | |  2.6

Action                   |  1- 3 |  4- 6 |  7- 9 | 10-12 || total
-------------------------+-------+-------+-------+-------++-------
Melee: Long sword        |    97 |     1 |       |       ||    98
       Short sword       |       |   112 |       |       ||   112
       Trident           |       |    77 |   399 |   234 ||   710
       Headbutt          |       |    15 |    52 |    39 ||   106
Throw: Dart              |       |       |     2 |     4 ||     6
Invok: Dark Bargain      |       |       |       |     1 ||     1
  Use: Scroll            |       |    13 |    16 |     3 ||    32
       Potion            |       |       |     6 |     4 ||    10
 Stab: Distracted        |       |     1 |     2 |     3 ||     6
Armor: Scale mail        |    20 |       |       |       ||    20
       Ring mail         |    24 |    55 |    12 |       ||    91
       Plate armour      |       |       |   197 |    98 ||   295
       Skin              |       |       |    16 |       ||    16
Dodge: Dodged            |    49 |    70 |    53 |    29 ||   201
Block: Buckler           |    18 |    33 |    11 |       ||    62
       Kite shield       |       |       |   167 |   102 ||   269

Table legend: (Time is in decaauts)
 A = Elapsed time spent in this place.
 B = Non-inter-level travel time spent in this place.
 C = Inter-level travel time spent in this place.
 D = Time resting spent in this place.
 E = Time spent auto-exploring this place.
 F = Levels seen in this place.
 G = Mean time per level.
                   A        B        C        D        E       F      G
               +--------+--------+--------+--------+--------+-----+--------+
         Total |  12510 |  12087 |    423 |   1902 |   7998 |  11 | 1137.3 |
       Dungeon |  12510 |  12087 |    423 |   1902 |   7998 |  11 | 1137.3 |
               +--------+--------+--------+--------+--------+-----+--------+

Top non-repeatable levels by time:
     D:7: 1999 daAuts
     D:9: 1779 daAuts
     D:4: 1499 daAuts
     D:5: 1391 daAuts
     D:2: 1179 daAuts
    D:10: 1064 daAuts
     D:1: 884 daAuts
     D:3: 860 daAuts
     D:8: 804 daAuts
     D:6: 617 daAuts
    D:11: 429 daAuts
